 Dungeon Crawl Stone Soup version 0.31.0-32-g396128a36d (webtiles) character file.

Game seed: 16446043639132708425

4161 monsoonserge the Grappler (level 10, -5/63 HPs)
             Began as an Octopode Fighter on Mar 12, 2024.
             Was an Initiate of Gozag.
             Slain by a troll (14 damage)
             ... on level 9 of the Dungeon.
             The game lasted 00:20:39 (9466 turns).

monsoonserge the Grappler (Octopode Fighter)        Turns: 9466, Time: 00:20:42

Health: -5/63      AC:  1    Str: 20    XL:     10   Next: 28%
Magic:  10/10      EV: 13    Int: 11    God:    Gozag
Gold:   1256       SH:  5    Dex: 11    Spells: 9/9 levels left

rFire   . .          .
                       - Unarmed
rCold   . . .        a - +0 buckler
rNeg    . . .        (helmet restricted)
rPois   .            (no amulet)
rElec   .            e - ring of willpower
rCorr   .            (no ring)
SInv    .            (no ring)
Will    +....        (no ring)
Stlth   ++++         (no ring)
HPRegen 0.30/turn    (no ring)
MPRegen 0.12/turn    (no ring)
                     (no ring)

%: no passive effects
@: gold aura
A: almost no armour, amphibious, 8 rings, camouflage 1, gelatinous body 1,
(nimble swimmer 1), tentacles
a: Renounce Religion, Potion Petition, Call Merchant, Bribe Branch


You were on level 9 of the Dungeon.
You worshipped Gozag.
Gozag was most pleased with you.
You visited 2 branches of the dungeon, and saw 11 of its levels.

You collected 1336 gold pieces.
You paid 80 gold pieces to Gozag.

Inventory:

Missiles
 n - 6 boomerangs (quivered)
 r - 2 atropa-tipped darts
 v - a curare-tipped dart
Armour
 a - a +0 buckler (worn)
Magical Staves
 B - a staff of air
Jewellery
 e - a ring of willpower (left tentacle)
 p - a +4 ring of protection
Wands
 b - a wand of mindburst (7)
 g - a wand of polymorph (20)
 u - a wand of quicksilver (2)
Scrolls
 d - 2 scrolls of enchant armour
 i - 4 scrolls of teleportation
 j - 2 scrolls of fear
 k - 2 scrolls of poison
 l - a scroll of blinking
 m - a scroll of fog
 q - a scroll of vulnerability {unknown}
 y - a scroll of torment {unknown}
 z - 3 scrolls of butterflies {unknown}
Potions
 c - a potion of ambrosia
 f - a potion of enlightenment {unknown}
 h - a potion of cancellation {unknown}
 o - 2 potions of degeneration {unknown}
 s - a potion of experience {unknown}
 t - a potion of lignification {unknown}
 w - a potion of invisibility {unknown}
 x - 2 potions of mutation {unknown}
 A - a potion of attraction {unknown}


   Skills:
 + Level 4.0 Fighting
 + Level 1.3 Throwing
 + Level 4.2 Dodging
 + Level 6.0 Stealth
 + Level 4.5 Shields
 + Level 12.7 Unarmed Combat
 + Level 1.0 Evocations


You had 9 spell levels left.
You didn't know any spells.
Your spell library contained the following spells:

 Spells                   Type           Power      Damage    Failure   Level
 Kiss of Death            Conj/Necr      0%         2d5       41%         1
 Sublimation of Blood     Necr           0%         N/A       54%         2
 Confusing Touch          Hex            0%         N/A       78%         3
 Dispel Undead            Necr           0%         3d6       99%         4
 Petrify                  Alch/Erth      0%         N/A       99%         4
 Irradiate                Conj/Alch      0%         3d11      100%        5


Dungeon Overview and Level Annotations

Branches:
Dungeon (10/15)            Temple (1/1) D:4
   Lair: D:8-11         Orc: D:9-12

Altars:
Ashenzari
Cheibriados
Dithmenos
Fedhas
Gozag
Hepliaklqana
Kikubaaqudgha
Makhleb
Nemelex Xobeh
Okawaru
Qazlal
Ru
Sif Muna
Trog
Uskayaw
Vehumet
Wu Jian
Xom
Yredelemnul
Zin
The Shining One

Shops:
D:5 [


Innate Abilities, Weirdness & Mutations

You cannot wear most types of armour.
You are amphibious.
You can wear up to eight rings at the same time.
Your skin changes colour to match your surroundings (Stealth+).
Your rubbery body absorbs attacks. (AC +1, EV +1)
((You are camouflaged when in or above water. (Stealth+)))
You have tentacles for arms and can constrict up to eight enemies at once.


Message History

You climb downwards.
There is a stone staircase leading up here.
You enter the shallow water.
The kobold shouts!
You hear a shout!
The troll shouts!
The kobold shouts!
The kobold throws a stone.
The stone completely misses you.
You tentacle-slap the orc.
You kill the orc!
Throw: 6 boomerangs
Press: ? - help, Q - select action, (/) - cycle Shift-Dir - straight line, f - kobold
Aim: a kobold, wielding a +0 dagger (45% to hit)
You throw a boomerang. The boomerang closely misses the troll.
The boomerang hits the kobold.
The kobold is heavily wounded.
The kobold is distracted by your dazzling golden aura.
You barely miss the troll.
The kobold shouts!
You hear an angry growl.
You hear a shout!
You tentacle-slap the troll.
Your tentacle-slap misses the troll.
The troll is lightly wounded.
An ice beast comes into view.
Unknown command.
You closely miss the troll.
You squeeze the troll, but do no damage.
The troll is lightly wounded.
The troll bites you. The troll claws you! The troll claws you.
The kobold hits you with a +0 dagger.
Unknown command.
You bludgeon the troll!
Your tentacle-slap misses the troll.
You squeeze the troll!
The troll is severely wounded.
The kobold is no longer distracted by gold.
The troll bites you! The troll claws you! The troll claws you.
* * * LOW HITPOINT WARNING * * *
You tentacle-slap the troll. You squeeze the troll!
The troll is almost dead.
The troll bites you.
* * * LOW HITPOINT WARNING * * *
The troll claws you!
You die...
Your body crumbles into a pile of gold. # .# ... ..K. ....~ ######K..... #..@TKK..# .. ..K. #.###KK....#..# KK.

#.#
....###...###h.
#.# .....#
...#... #.#
....... ..k..#
#.# ..#....
#..# #.#
..Y.### ##..
####.# ... #
#... ##....#
#.#..


You could see a troll, a kobold brigand and 5 kobolds.

Vanquished Creatures
  Sigmund (D:4)
  2 wyverns
  2 steam dragons (D:7)
  Duvessa (D:7)
  A water moccasin (D:7)
  2 ice beasts
  2 black bears
  3 orc warriors
  An ogre (D:5)
  A wolf (D:9)
  2 centaurs (D:7)
  2 phantoms
  A kobold brigand (D:7)
  A bullfrog (D:8)
  2 scorpions (D:5)
  4 wights (D:7)
  Dowan (D:7)
  9 killer bees (D:8)
  2 bombardier beetles (D:5)
  6 orc priests
  3 hounds
  3 jellies
  A gnoll bouda (D:4)
  5 orc wizards
  Ijyb (D:3)
  Natasha (twice) (D:3)
  6 iguanas
  18 gnolls
  9 adders
  A shadow imp (D:5)
  4 white imps
  2 ufetubi (D:6)
  2 ribbon worms
  4 dart slugs
  24 orcs
  3 bats (D:2)
  3 endoplasms
  3 giant cockroaches
  6 goblins
  6 hobgoblins
  9 jackals
  4 quokkas
  5 ball pythons
  2 frilled lizards (D:2)
  7 kobolds
  7 rats
186 creatures vanquished.

Notes
Turn   | Place    | Note
-------+----------+-------------------------------------------
     0 | D:1      | monsoonserge the Octopode Fighter began the quest for the
                  | Orb.
     0 | D:1      | Reached XP level 1. HP: 16/16 MP: 1/1
   286 | D:1      | Reached XP level 2. HP: 21/21 MP: 2/2
   740 | D:1      | Reached XP level 3. HP: 25/26 MP: 3/3
  1089 | D:2      | Reached skill level 3 in Unarmed Combat
  1153 | D:2      | Reached skill level 1 in Stealth
  1373 | D:2      | Reached XP level 4. HP: 31/31 MP: 4/4
  2142 | D:3      | Noticed Natasha
  2147 | D:3      | Killed Natasha
  2148 | D:3      | Reached skill level 4 in Unarmed Combat
  2201 | D:3      | Noticed Ijyb
  2211 | D:3      | Killed Ijyb
  2212 | D:3      | Reached XP level 5. HP: 23/36 MP: 5/5
  2325 | D:3      | Noticed Natasha
  2330 | D:3      | Killed Natasha
  2554 | D:3      | Found a faded altar of an unknown god.
  2666 | D:4      | Noticed a phantom
  2777 | D:4      | Reached XP level 6. HP: 37/42 MP: 6/6
  2837 | D:4      | Reached skill level 5 in Unarmed Combat
  2916 | D:3      | Reached skill level 1 in Evocations
  2982 | D:4      | Found a staircase to the Ecumenical Temple.
  2995 | Temple   | Entered the Ecumenical Temple
  3002 | Temple   | Became a worshipper of Gozag Ym Sagoz the Greedy
  3322 | D:4      | Reached XP level 7. HP: 23/46 MP: 7/7
  3438 | D:4      | Reached skill level 6 in Unarmed Combat
  3552 | D:4      | Found an iron altar of Okawaru.
  3553 | D:4      | Found a glowing golden altar of the Shining One.
  3579 | D:4      | Noticed Sigmund
  3586 | D:4      | Killed Sigmund
  3986 | D:5      | Entered Level 5 of the Dungeon
  4043 | D:5      | Reached skill level 7 in Unarmed Combat
  4330 | D:5      | Reached XP level 8. HP: 42/52 MP: 8/8
  4474 | D:5      | Reached skill level 5 in Stealth
  4549 | D:5      | Reached skill level 8 in Unarmed Combat
  5289 | D:5      | Reached skill level 9 in Unarmed Combat
  5301 | D:5      | Found Docvul's Antique Armour Emporium.
  6161 | D:6      | Reached XP level 9. HP: 45/56 MP: 9/9
  6169 | D:6      | Reached skill level 10 in Unarmed Combat
  6656 | D:7      | Found an ornate altar of the Wu Jian Council.
  6656 | D:7      | Found a glowing silver altar of Zin.
  6656 | D:7      | Found a radiant altar of Vehumet.
  6966 | D:7      | Reached skill level 11 in Unarmed Combat
  7180 | D:7      | Noticed Duvessa
  7180 | D:7      | Noticed Dowan
  7186 | D:7      | Killed Duvessa
  7187 | D:7      | Killed Dowan
  7720 | D:8      | Reached skill level 12 in Unarmed Combat
  7896 | D:8      | Reached skill level 1 in Throwing
  7900 | D:8      | Reached XP level 10. HP: 38/63 MP: 10/10
  8059 | D:8      | Found a blossoming altar of Fedhas.
  9157 | D:9      | You fall into a shaft and drop 1 floor!
  9157 | D:10     | Entered Level 10 of the Dungeon
  9466 | D:9      | Slain by a troll

Illustrated notes

Levels and vault maps discovered:
D:1:      ldierk_walled_garden_2, layout_loops_corners,
          minmay_misc_feat_encased, minmay_gold_behind_fungi
D:2:      layout_basic
D:3:      layout_loops_ring, hellmonk_ecumenical_altar_leap_of_faith,
          minmay_fountain_box, uniq_natasha, uniq_ijyb
D:4:      layout_basic, nicolae_overflow_two_pavilions, temple_fountains,
          uniq_sigmund
D:5:      minmay_chambers_of_threes, layout_loops_corners, serial_shops, shop,
          ebering_dispersal_statue_hall, minmay_misc_feat_rows
D:6:      layout_basic, minmay_circle_x
D:7:      layout_gridville, gammafunk_temple_overflow_claw, uniq_duvessa
D:8:      layout_gridville, fedhas_altar_3
D:9:      layout_loops_ring, marbit_many_paths, hellmonk_lair_entry_icy,
          ebering_ghost_reflecting_pool
D:10:     layout_big_octagon, erik_orc_1, worms_lemuel
Temple:   hellmonk_temple_of_storms

Skill      XL: |  1  2  3  4  5  6  7  8  9 10 |
---------------+-------------------------------+-----
Unarmed Combat | 3 4 5 7 9 12 | 12.7
Stealth        | 1 2 3 4 6 |  6.0
Evocations     | 1 |  1.0
Shields        | 4 |  4.5
Throwing       | 1 |  1.3
Dodging        | 4 |  4.2
Fighting       | 4 |  4.0

Action                     |  1- 3 |  4- 6 |  7- 9 | 10-12 || total
---------------------------+-------+-------+-------+-------++-------
  Melee: Unarmed           |    63 |   110 |   225 |    53 ||   451
         Constrict         |    19 |    26 |    61 |    10 ||   116
         Tentacles         |     9 |    31 |    62 |    16 ||   118
         Punch             |     1 |     2 |    14 |     4 ||    21
  Throw: Boomerang         |       |       |     7 |    16 ||    23
  Evoke: Wand              |       |       |       |     1 ||     1
    Use: Scroll            |       |     4 |     4 |     1 ||     9
         Potion            |       |       |     2 |     1 ||     3
   Stab: Sleeping          |     2 |     9 |    14 |     1 ||    26
         Distracted        |       |       |     4 |       ||     4
 Armour: Skin              |    18 |    40 |   108 |    30 ||   196
  Dodge: Dodged            |    37 |    43 |   102 |    26 ||   208
  Block: Buckler           |    14 |    13 |    40 |     8 ||    75
